 Dungeon Crawl Stone Soup version 0.29-a0-284-gf9362112df (webtiles) character file.

Game seed: 16182977158899274050

1428 yunder69 the Carver (level 8, -14/67 HPs)
             Began as a Minotaur Berserker on Mar 19, 2022.
             Was a Believer of Trog.
             Killed from afar by a gargoyle (18 damage)
             ... with a stone arrow
             ... on level 6 of the Dungeon.
             The game lasted 00:40:45 (5061 turns).

yunder69 the Carver (Minotaur Berserker)            Turns: 5061, Time: 00:40:45

Health: -14/67     AC: 11    Str: 24    XL:     8   Next: 44%
Magic:  7/7        EV:  7    Int:  4    God:    Trog [**....]
Gold:   223        SH:  0    Dex: 16    Spells: 7/7 levels left

rFire   . . .      SeeInvis +   y - +2 scythe (vorpal)
rCold   + . .      Faith    .   (shield currently unavailable)
rNeg    . . .      Spirit   .   v - +0 plate armour
rPois   .          Reflect  .   (helmet restricted)
rElec   .          Harm     .   (no cloak)
rCorr   .          Rampage  .   (no gloves)
Will    ++...                   (no boots)
Stlth   ..........              (no amulet)
HPRegen 1.21/turn               e - +6 ring of dexterity
MPRegen 0.10/turn               j - ring "Gacvuovu" {rC+ SInv}

@: lethally poisoned (-14 -> -14), strong-willed, on berserk cooldown,
regenerating, slowed, very slow
A: horns 2, retaliatory headbutt
a: Renounce Religion, Berserk, Trog's Hand


You were on level 6 of the Dungeon.
You worshipped Trog.
Trog was pleased with you.
You visited 1 branch of the dungeon, and saw 6 of its levels.

You collected 223 gold pieces.

Inventory:

Hand Weapons
 h - a +0 long sword
 m - a +0 arbalest
 y - a +2 vorpal scythe (weapon)
Missiles
 c - 60 stones
 k - 2 throwing nets
 l - 6 poisoned darts
Armour
 v - a +0 plate armour (worn)
Jewellery
 e - a +6 ring of dexterity (left hand)
 j - the ring "Gacvuovu" (right hand) {rC+ SInv}
   (You found it on level 6 of the Dungeon)

   [ring of protection from cold]

   rC:        It protects you from cold.
   SInv:      It lets you see invisible.
Wands
 o - a wand of charming (13)
 q - a wand of flame (29)
Scrolls
 b - 4 scrolls of immolation
 d - a scroll of blinking
 i - 2 scrolls of teleportation (quivered)
 n - 3 scrolls of identify
 r - a scroll of fog
 t - a scroll of enchant armour
 w - a scroll of holy word
Potions
 a - a potion of invisibility {unknown}
 f - a potion of lignification
 p - a potion of degeneration {unknown}
 s - a potion of resistance {unknown}
 u - 2 potions of heal wounds {unknown}
 x - 2 potions of curing


   Skills:
 - Level 4.5 Fighting
 - Level 8.9 Long Blades
 - Level 7.0 Maces & Flails
 + Level 4.8 Polearms
 - Level 2.9 Armour
 - Level 2.5 Dodging
 - Level 0.2 Stealth


You had 7 spell levels left.
You didn't know any spells.
Your spell library contained the following spells:

 Spells                   Type           Power      Damage    Failure   Level
 Foxfire                  Conj/Fire      0%         2x1d4     100%        1
 Shock                    Conj/Air       0%         1d3       100%        1
 Conjure Flame            Conj/Fire      0%         6-21      100%        3
 Inner Flame              Hex/Fire       0%         N/A       100%        3
 Swiftness                Air            0%         N/A       100%        3
 Airstrike                Air            0%         N/A       100%        4
 Flame Wave               Conj/Fire      0%         2d4       100%        4


Dungeon Overview and Level Annotations

Branches:
Dungeon (6/15)
 Temple: D:4-7

Altars:

Shops:
D:3 (


Innate Abilities, Weirdness & Mutations

You have a pair of horns on your head.
You reflexively headbutt those who attack you in melee.


Message History

The water moccasin bites you.
You are more poisoned.
The water moccasin poisons you! The water moccasin barely misses you.
A red film seems to cover your vision as you go berserk!
You feel yourself moving faster!
You feel mighty!
You feel very sick.
The water moccasin completely misses you.
You furiously retaliate!
You headbutt the water moccasin!
The water moccasin bites you but does no damage.
You slash the water moccasin!
You kill the water moccasin!
Trog accepts your kill.
You feel very sick.
Your Polearms skill increases to level 4!
A gargoyle comes into view. It is wielding a +0 morningstar.
You feel very sick.
You see here 13 gold pieces.
You feel a strong urge to attack something.
You feel sick.
You slash the gargoyle!
The gargoyle is heavily damaged.
You feel very sick.
The gargoyle hits you with a +0 morningstar!
* * * LOW HITPOINT WARNING * * *
The gargoyle hits you with a +0 morningstar!!
* * * LOW HITPOINT WARNING * * *
Okay, then.
You feel sick.
You feel a strong urge to attack something.
You are no longer berserk.
You are exhausted.
You feel yourself slow down.
* * * LOW HITPOINT WARNING * * *
You feel sick.
Your skin crawls.
You feel strong-willed.
You feel sick.
The gargoyle hurls a stone arrow at you.
The stone arrow hits you!!
You die...

.....#.#.##......#'#......
.................+.#.#####
..........#....).#.#.#
.......#..#......#.#.# #.
....####.........#.#.# #
#. #.#
#.#.###.###.#.#.###. #
#.#.# #.......#... .
...####$#.#########.#.####
........9@............#...
####......................
#####.#..##.####.###...
#.##.## #.# #..# #.# .#
#.# #..# # #.# .# #.# #..#
# #.# . #.# #..# # #.# .
#.###... # #....#.#


You could see a gargoyle.

Vanquished Creatures
  Grinder (D:6)
  Sigmund (D:6)
  Menkaure (D:5)
  Duvessa (D:4)
  A water moccasin (D:6)
  A sky beast (D:5)
  2 scorpions (D:5)
  Dowan (D:4)
  A howler monkey (D:4)
  3 hounds
  4 iguanas
  2 orc wizards (D:3)
  Natasha (thrice) (D:4)
  5 adders
  A white imp (D:6)
  An ufetubus (D:4)
  A worm (D:2)
  5 dart slugs
  7 orcs
  6 endoplasms
  A giant cockroach (D:2)
  3 goblins
  2 hobgoblins
  4 quokkas
  4 ball pythons
  3 bats
  3 kobolds
  3 rats
71 creatures vanquished.

Notes
Turn   | Place    | Note
-------+----------+-------------------------------------------
     0 | D:1      | yunder69 the Minotaur Berserker began the quest for the
                  | Orb.
     0 | D:1      | Reached XP level 1. HP: 19/19 MP: 0/0
   192 | D:1      | You fall into a shaft and drop 1 floor!
   437 | D:2      | Reached skill level 4 in Long Blades
   437 | D:2      | Reached XP level 2. HP: 27/27 MP: 1/1
   945 | D:3      | Reached XP level 3. HP: 33/33 MP: 2/2
   951 | D:3      | Reached skill level 1 in Maces & Flails
   981 | D:3      | Reached XP level 4. HP: 36/41 MP: 3/3
  1145 | D:3      | Found Roriwnoxt's Antique Weapon Emporium.
  1241 | D:3      | Reached ** piety under Trog
  1491 | D:4      | Noticed Duvessa
  1491 | D:4      | Noticed Dowan
  1503 | D:4      | Killed Duvessa
  1504 | D:4      | Reached XP level 5. HP: 47/47 MP: 4/4
  1512 | D:4      | Killed Dowan
  1513 | D:4      | Reached skill level 5 in Maces & Flails
  1657 | D:4      | Reached XP level 6. HP: 49/53 MP: 5/5
  1739 | D:4      | Noticed Natasha
  1743 | D:4      | Killed Natasha
  1863 | D:4      | Noticed Natasha
  1871 | D:4      | Killed Natasha
  2296 | D:4      | Noticed Natasha
  2340 | D:4      | Killed Natasha
  2569 | D:5      | Entered Level 5 of the Dungeon
  2880 | D:5      | Reached skill level 5 in Long Blades
  2880 | D:5      | Reached XP level 7. HP: 59/60 MP: 6/6
  2956 | D:5      | Reached skill level 6 in Long Blades
  3026 | D:5      | Noticed Menkaure
  3052 | D:5      | HP: 2/60 [Menkaure/nerve-wracking pain (7)]
  3055 | D:5      | Killed Menkaure
  3056 | D:5      | Reached skill level 7 in Long Blades
  3981 | D:6      | Identified the ring "Gacvuovu" {rC+ SInv}
  4281 | D:6      | Reached skill level 8 in Long Blades
  4305 | D:6      | Noticed Sigmund
  4315 | D:6      | Killed Sigmund
  4316 | D:6      | Reached XP level 8. HP: 57/67 MP: 7/7
  4643 | D:6      | Noticed Grinder
  4671 | D:6      | Killed Grinder
  5028 | D:6      | Identified the +3 long sword of the Sage {pain, rF+ rC+
                  | Str+4 SInv}
  5056 | D:6      | Noticed a gargoyle
  5061 | D:6      | Killed from afar by a gargoyle

Illustrated notes

Levels and vault maps discovered:
D:1:      sevenhm_arrival_forest_fort_large_2, layout_loops_ring,
          basic_ecumenical_altar, grunt_decor_mini_mirrors,
          corexii_corridor_pit, corexii_leaking_fountain,
          minmay_misc_feat_cross, minivault_26, minmay_pentomino_t2
D:2:      layout_basic
D:3:      layout_rooms, serial_shops, nicolae_shop_waterfront,
          chequers_serial_rivers_small_b
D:4:      layout_gridville, uniq_natasha, uniq_duvessa
D:5:      layout_basic, minmay_temple_entry_butterflies, roderic_lattice_a,
          corexii_shack, minivault_24, uniq_menkaure
D:6:      layout_basic, uniq_sigmund, uniq_grinder, uniq_crazy_yiuf_cottage

Skill      XL: |  1  2  3  4  5  6  7  8 |
---------------+-------------------------+-----
Long Blades    | 4 5 8 |  8.9
Fighting       | 4 |  4.5
Maces & Flails | 1 4 5 7 |  7.0
Polearms       | 4 |  4.8
Armour         | |  2.9
Dodging        | |  2.5
Stealth        | |  0.2

Action                   |  1- 3 |  4- 6 |  7- 9 || total
-------------------------+-------+-------+-------++-------
Melee: Falchion          |    21 |       |       ||    21
       Headbutt          |     9 |    15 |    14 ||    38
       Flail             |    31 |     2 |       ||    33
       Long sword        |       |    84 |    53 ||   137
       Arbalest          |       |     1 |       ||     1
       Punch             |       |     2 |     3 ||     5
       Unarmed           |       |    13 |       ||    13
       Scythe            |       |       |    21 ||    21
 Fire: Arbalest          |       |    11 |       ||    11
Invok: Berserk           |       |     1 |     3 ||     4
       Trog's Hand       |       |     1 |     2 ||     3
  Use: Scroll            |     1 |     6 |       ||     7
       Potion            |     1 |       |     1 ||     2
 Stab: Sleeping          |     1 |       |       ||     1
Armor: Animal skin       |     7 |       |       ||     7
       Chain mail        |    27 |    56 |    22 ||   105
       Skin              |    11 |     3 |       ||    14
       Plate armour      |       |       |    24 ||    24
Dodge: Dodged            |    20 |    54 |    43 ||   117

Table legend: (Time is in decaauts)
 A = Elapsed time spent in this place.
 B = Non-inter-level travel time spent in this place.
 C = Inter-level travel time spent in this place.
 D = Time resting spent in this place.
 E = Time spent auto-exploring this place.
 F = Levels seen in this place.
 G = Mean time per level.
                   A        B        C        D        E       F      G
               +--------+--------+--------+--------+--------+-----+--------+
         Total |   5137 |   3216 |   1921 |   1589 |    537 |   6 |  856.2 |
       Dungeon |   5137 |   3216 |   1921 |   1589 |    537 |   6 |  856.2 |
               +--------+--------+--------+--------+--------+-----+--------+

Top non-repeatable levels by time:
     D:5: 1302 daAuts
     D:6: 1231 daAuts
     D:4: 1059 daAuts
     D:3: 872 daAuts
     D:2: 479 daAuts
     D:1: 192 daAuts
